 Dungeon Crawl Stone Soup version 0.22-a0-617-g6d95e9e (webtiles) character file.

10348 Gildeon the Grappler (level 11, -9/102 HPs)
             Began as a Troll Monk on July 12, 2018.
             Was a High Priest of Okawaru.
             Mangled by a six-headed hydra (11 damage)
             ... on level 11 of the Dungeon.
             The game lasted 00:42:49 (8243 turns).

Gildeon the Grappler (Troll Monk)                   Turns: 8243, Time: 00:42:50

Health: -9/102     AC:  7    Str: 24    XL:     11   Next: 35%
Magic:  13/13      EV: 12    Int:  6    God:    Okawaru [*****.]
Gold:   584        SH:  0    Dex: 14    Spells: 1/14 levels left

rFire    . . .     SeeInvis .     - Unarmed
rCold    + . .     Gourm    +   (no shield)
rNeg     . . .     Faith    .   r - +0 troll leather armour
rPois    .         Spirit   .   (helmet restricted)
rElec    .         Reflect  .   (no cloak)
rCorr    +         Harm     .   (gloves unavailable)
MR       .....                  (boots unavailable)
Stlth    +.........             l - amulet of regeneration
HPRegen  1.47/turn              e - ring of protection from cold (curse) {j}
MPRegen  0.13/turn              u - ring of resist corrosion

@: drained
A: large, unfitting armour, claws 3, fast metabolism 3, gourmand, sense
surroundings 1, regeneration 1, shaggy fur 1, strong 1, tough skin 2, wild magic
2
a: Heroism, Finesse, Renounce Religion


You were on level 11 of the Dungeon.
You worshipped Okawaru.
Okawaru was extremely pleased with you.
You were very full.

You visited 2 branches of the dungeon, and saw 12 of its levels.

You collected 584 gold pieces.

Inventory:

Armour
 r - a +0 troll leather armour (worn)
 v - +0 steam dragon scales
Jewellery
 e - a cursed ring of protection from cold (left claw) {j}
 j - an uncursed ring of see invisible
 l - an amulet of regeneration (around neck)
 q - an uncursed ring of flight
 u - a ring of resist corrosion (right claw)
Wands
 m - a wand of enslavement (3)
 p - a wand of iceblast (8)
 x - a wand of random effects (50)
Scrolls
 c - 6 scrolls of remove curse
 d - 10 scrolls of teleportation
 g - a scroll of identify
 k - a scroll of amnesia
Potions
 a - a potion of ambrosia
 h - a potion of resistance
 i - 3 potions of flight
 n - 2 potions of curing
 o - a potion of mutation
 s - 2 potions of magic
 t - a potion of cancellation
Comestibles
 b - 14 rations


   Skills:
 - Level 5.1(4.8) Fighting
 - Level 5.0(4.7) Armour
 - Level 5.0(4.7) Dodging
 - Level 1.0(0.8) Stealth
 + Level 11.2(10.9) Unarmed Combat
 - Level 2.0(1.7) Spellcasting
 - Level 2.0(1.8) Hexes
 - Level 3.0(2.7) Transmutations
 + Level 2.5(2.2) Ice Magic
 + Level 2.0(1.8) Poison Magic
 + Level 4.7(4.5) Invocations
 + Level 3.0(2.7) Evocations


You had one spell level left.
You knew the following spells:

 Your Spells              Type           Power        Failure   Level  Hunger
a - Beastly Appendage     Tmut           #.....       30%         1    ##.....
b - Corona                Hex            #......      38%         1    ##.....
c - Ensorcelled Hibernat  Hex/Ice        #.....       47%         2    ###....
d - Spider Form           Tmut/Pois      #.........   67%         3    ####...
e - Confuse               Hex            #.......     71%         3    ####...
f - Tukima's Dance        Hex            #.......     71%         3    ####...

Your spell library contained the following spells:

 Spells                   Type           Power        Failure   Level  Hunger
 Throw Frost              Conj/Ice       #.....       58%         2    ###....
 Olgreb's Toxic Radiance  Pois           #.......     97%         4    #####..
 Pain                     Necr           #...         61%         1    ##.....
 Animate Skeleton         Necr           N/A          61%         1    ##.....
 Freeze                   Ice            #...         34%         1    ##.....
 Summon Ice Beast         Ice/Summ       #.......     99%         4    #####..
 Ozocubu's Armour         Chrm/Ice       #.......     80%         3    ####...
 Sting                    Conj/Pois      #...         50%         1    ##.....
 Blade Hands              Tmut           #.........   99%         5    ######.
 Ice Form                 Ice/Tmut       #.......     94%         4    #####..
 Throw Icicle             Conj/Ice       #.......     99%         4    #####..
 Sticks to Snakes         Tmut           #.......     38%         2    ###....
 Alistair's Intoxication  Tmut/Pois      #.......     100%        5    ######.
 Dazzling Spray           Conj/Hex       #.....       82%         3    ####...


Dungeon Overview and Level Annotations

Branches:
Dungeon (11/15)            Temple (1/1) D:6            Lair (0/6) D:11
    Orc: D:9-12

Altars:
Ashenzari
Cheibriados
Dithmenos
Elyvilon
Fedhas
Gozag
Hepliaklqana
Kikubaaqudgha
Makhleb
Nemelex Xobeh
Okawaru
Qazlal
Ru
Sif Muna
Trog
Uskayaw
Vehumet
Wu Jian
Xom
Yredelemnul
Zin
The Shining One

Shops:
D:8 (

Annotations:
D:6 2 runed doors, Nib's ghost, novice DrAK
D:10 3 runed doors, ThisFiasco's ghost, novice DsGl


Innate Abilities, Weirdness & Mutations

You are too large for most types of armour.
You have claws for hands.
Your metabolism is lightning-fast.
You like to eat raw meat.
Your natural rate of healing is unusually fast.
You are covered in fur. (AC +1)
You have very tough skin. (AC +2)
You passively map a small area around you.
Your muscles are strong. (Str +2)
Your spells are harder to cast, but more powerful.


Message History

The four-headed hydra bites you but does no damage.
The four-headed hydra bites you!
You tear one of the four-headed hydra's heads off!
The three-headed hydra grows two more!
You scratch the five-headed hydra.
The five-headed hydra is lightly wounded.
The five-headed hydra bites you! x2; The five-headed hydra bites you. x2
* * * LOW HITPOINT WARNING * * *
The five-headed hydra bites you but does no damage.
You claw one of the five-headed hydra's heads off!
The four-headed hydra grows two more!
You claw the six-headed hydra!
The six-headed hydra is moderately wounded.
The six-headed hydra bites you.
* * * LOW HITPOINT WARNING * * *
The six-headed hydra bites you!
* * * LOW HITPOINT WARNING * * *
The six-headed hydra bites you but does no damage.
The six-headed hydra bites you!
* * * LOW HITPOINT WARNING * * *
The six-headed hydra bites you!
You die...

.........#.........# #......
.........#.........#, ,
,,#...... .........#.........##
, #......
........##..........#,, #......
........#...#####...# #......
........+...#...#...### #...###
........#+#.#...#..H.. ....#
..........#.#...#..###+##,
..........#.#...@D.#....#,,...
..........'.#...#..#....#.....#
..........#.'...#..#....#.....#
..........#.#...#..#..(.#.....#
..........#.#####..##'###.....#
#'#######+#...................#
............................(.#
..............................#
..............................#


You could see a six-headed hydra and a hippogriff.

Vanquished Creatures
  2 two-headed ogres
  A deep elf mage (D:11)
  An ugly thing (D:11)
  A centaur skeleton (D:11)
  2 trolls (D:10)
  4 slime creatures (D:9)
  5 hippogriffs
  3 yaks (D:10)
  A hungry ghost (D:7)
  A steam dragon (D:11)
  A soldier ant (D:11)
  Duvessa (D:6)
  2 orc warriors
  5 ice beasts
  2 phantoms
  2 sky beasts
  4 ogres
  3 centaurs
  A big kobold (D:10)
  A gnoll sergeant (D:10)
  7 bullfrogs
  Dowan (D:6)
  A wyvern zombie (D:10)
  2 scorpions
  10 killer bees (D:11)
  15 wights
  4 howler monkeys
  7 crimson imps
  A quasit (D:8)
  5 hounds
  4 jellies
  An orc priest (D:4)
  A bullfrog skeleton (D:10)
  6 iguanas
  Terence (D:3)
  An orc wizard (D:3)
  11 worker ants
  2 hound skeletons
  7 adders
  7 gnolls
  2 howler monkey skeletons
  2 shadow imps
  4 adder skeletons
  3 worms
  3 leopard geckos
  20 orcs
  6 giant cockroaches
  6 hobgoblins
  21 jackals
  6 kobolds
  3 quokkas
  2 ball pythons
  3 bats
  5 frilled lizards
  7 goblins
  A jackal skeleton (D:6)
  2 leopard gecko skeletons
  A quokka skeleton (D:10)
  3 rats
237 creatures vanquished.

Vanquished Creatures (collateral kills)
  A wight (D:10)
1 creature vanquished.

Vanquished Creatures (others)
  A wight (D:10)
  2 plants (D:11)
3 creatures vanquished.

Grand Total: 241 creatures vanquished

Notes
Turn   | Place    | Note
-------+----------+-------------------------------------------
     0 | D:1      | Gildeon the Troll Monk began the quest for the Orb.
     0 | D:1      | Reached XP level 1. HP: 22/22 MP: 0/0
   281 | D:1      | Reached XP level 2. HP: 29/29 MP: 1/1
   761 | D:2      | Found a shattered altar of Ashenzari.
  1107 | D:3      | Noticed Terence
  1117 | D:3      | Reached XP level 3. HP: 25/37 MP: 2/2
  1135 | D:3      | Reached skill level 4 in Unarmed Combat
  1143 | D:3      | Reached XP level 4. HP: 29/45 MP: 3/3
  1194 | D:3      | Noticed an ice beast
  1203 | D:3      | Killed an ice beast
  1203 | D:3      | Reached XP level 5. HP: 54/54 MP: 4/4
  1219 | D:3      | Killed Terence
  1414 | D:3      | Reached skill level 5 in Unarmed Combat
  1806 | D:4      | Noticed an ogre
  1820 | D:4      | Killed an ogre
  1820 | D:4      | Reached XP level 6. HP: 15/63 MP: 1/5
  2269 | D:4      | Learned a level 1 spell: Beastly Appendage
  2273 | D:4      | Learned a level 3 spell: Spider Form
  2687 | D:5      | Entered Level 5 of the Dungeon
  2735 | D:5      | Reached skill level 5 in Fighting
  2735 | D:5      | Reached skill level 6 in Unarmed Combat
  2735 | D:5      | Reached XP level 7. HP: 67/72 MP: 6/6
  3183 | D:5      | Found a radiant altar of Vehumet.
  3347 | D:5      | Reached skill level 7 in Unarmed Combat
  3375 | D:5      | Reached XP level 8. HP: 77/80 MP: 5/7
  3717 | D:6      | Learned a level 1 spell: Corona
  3720 | D:6      | Learned a level 2 spell: Ensorcelled Hibernation
  3791 | D:6      | Reached skill level 5 in Dodging
  3791 | D:6      | Reached skill level 8 in Unarmed Combat
  3905 | D:6      | Found a large runed door.
  3905 | D:6      | Found a large runed door.
  3906 | D:6      | Noticed Nib's ghost (novice DrAK)
  3907 | D:6      | Found a sacrificial altar of Ru.
  3969 | D:6      | Noticed Duvessa
  3971 | D:6      | Noticed Dowan
  3973 | D:6      | Found a staircase to the Ecumenical Temple.
  3977 | D:6      | Killed Duvessa
  3977 | D:6      | Reached skill level 1 in Armour
  3985 | D:6      | Killed Dowan
  4017 | Temple   | Entered the Ecumenical Temple
  4129 | Temple   | Became a worshipper of Warmaster Okawaru
  4129 | Temple   | Reached * piety under Okawaru
  4129 | Temple   | Reached ** piety under Okawaru
  4489 | D:7      | Identified Fijash's Papyrus of Unholy Arts and Poisoning
  4517 | D:7      | Reached skill level 1 in Evocations
  4705 | D:7      | Reached XP level 9. HP: 73/88 MP: 6/8
  4707 | D:7      | Reached skill level 1 in Invocations
  4887 | D:7      | Reached skill level 9 in Unarmed Combat
  4957 | D:7      | Reached skill level 1 in Transmutations
  5046 | D:7      | Found a hide-covered altar of Uskayaw.
  5046 | D:7      | Noticed a dagger
  5046 | D:7      | Noticed a dagger
  5165 | D:8      | Gained mutation: Potions are less effective at restoring your health. [potion of mutation]
  5165 | D:8      | Lost mutation: Potions are less effective at restoring your health. [potion of mutation]
  5165 | D:8      | Gained mutation: Your spells are a little harder to cast, but a little more powerful. [potion of mutation]
  5165 | D:8      | Gained mutation: Your muscles are strong. (Str +2) [potion of mutation]
  5196 | D:8      | Reached *** piety under Okawaru
  5196 | D:8      | Reached skill level 1 in Ice Magic
  5231 | D:8      | Noticed a two-headed ogre
  5241 | D:8      | Killed a two-headed ogre
  5241 | D:8      | Reached skill level 1 in Poison Magic
  5393 | D:8      | Found Taerieb's Antique Weapon Shop.
  5706 | D:8      | Reached **** piety under Okawaru
  5779 | D:9      | Found an iron altar of Okawaru.
  5785 | D:9      | Reached skill level 10 in Unarmed Combat
  5785 | D:9      | Reached XP level 10. HP: 76/96 MP: 7/10
  5801 | D:9      | Reached skill level 5 in Armour
  5801 | D:9      | Reached skill level 1 in Spellcasting
  5801 | D:9      | HP: 4/144 [slime creature (6)]
  6130 | D:9      | Reached skill level 1 in Hexes
  6302 | D:10     | Entered Level 10 of the Dungeon
  6403 | D:9      | Lost mutation: Your spells are a little harder to cast, but a little more powerful. [potion of mutation]
  6403 | D:9      | Gained mutation: Your spells are a little harder to cast, but a little more powerful. [potion of mutation]
  6403 | D:9      | Gained mutation: You passively map a small area around you. [potion of mutation]
  6403 | D:9      | Gained mutation: Your spells are harder to cast, but more powerful. [potion of mutation]
  6420 | D:10     | Reached ***** piety under Okawaru
  6723 | D:10     | Learned a level 3 spell: Confuse
  6993 | D:10     | Found a runed gate.
  6993 | D:10     | Found a runed gate.
  6994 | D:10     | Noticed a spectral centaur warrior
  6997 | D:10     | Found a runed gate.
  6999 | D:10     | Noticed ThisFiasco's ghost (novice DsGl)
  7242 | D:10     | Learned a level 3 spell: Tukima's Dance
  7618 | D:11     | Noticed a two-headed ogre
  7625 | D:11     | Killed a two-headed ogre
  7625 | D:11     | Received a gift from Okawaru
  7625 | D:11     | Reached XP level 11. HP: 48/102 MP: 13/13
  7674 | D:11     | Noticed a deep elf mage
  7677 | D:11     | Noticed a red ugly thing
  7682 | D:11     | Killed a deep elf mage
  7682 | D:11     | Reached skill level 11 in Unarmed Combat
  7691 | D:11     | Killed a red ugly thing
  7822 | D:11     | Found a labyrinth entrance.
  8157 | D:11     | Found a staircase to the Lair.
  8237 | D:11     | Noticed a four-headed hydra
  8243 | D:11     | HP: 2/102 [six-headed hydra (12)]
  8243 | D:11     | Mangled by a six-headed hydra

Vault maps used:
D:1:      dpeg_arrival_rhombi
D:2:      mrwooster_statue_mirror, evilmike_ruin_ashenzari
D:3:      uniq_terence
D:5:      lemuel_crystal_altar, first_ration, kennysheep_generic_room_5
D:6:      temple_hall, basic_altar, ebering_ghost_disaster_area, uniq_duvessa
D:7:      dancing_weapons_uskayaw
D:8:      serial_shops, nicolae_shop_overgrown_old_shop, grunt_decor_cap
D:9:      basic_altar
D:10:     gammafunk_ghost_necromancy
D:11:     david_lair_shrubbed, lab_entry_generic
Temple:   regret_index_temple_chain_breaker

Skill      XL: |  1  2  3  4  5  6  7  8  9 10 11 |
---------------+----------------------------------+-----
Fighting       | 3 4 5 |  5.1
Unarmed Combat | 4 5 6 7 8 10 11 | 11.2
Dodging        | 4 5 |  5.0
Armour         | 2 4 5 |  5.0
Evocations     | 1 2 3 |  3.0
Invocations    | 2 4 |  4.7
Transmutations | 1 2 3 |  3.0
Ice Magic      | 1 2 |  2.5
Poison Magic   | 1 2 |  2.0
Spellcasting   | 2 |  2.0
Hexes          | 1 2 |  2.0
Stealth        | |  1.0

Action                   |  1- 3 |  4- 6 |  7- 9 | 10-12 || total
-------------------------+-------+-------+-------+-------++-------
Melee: Unarmed           |    77 |   119 |   250 |   279 ||   725
       Punch             |       |     2 |     5 |    20 ||    27
Evoke: Wand              |       |       |     2 |    12 ||    14
  Use: Scroll            |     7 |     3 |    17 |     3 ||    30
       Potion            |     1 |     1 |     1 |    10 ||    13
 Stab: Sleeping          |       |     8 |     4 |       ||    12
  Eat: Chunk             |    16 |    14 |    25 |    22 ||    77
       Ration            |       |       |     2 |       ||     2
Armor: Robe              |    23 |    38 |    64 |    41 ||   166
       Skin              |    34 |       |       |    17 ||    51
       Troll leather arm |       |       |       |    45 ||    45
Dodge: Dodged            |    44 |    61 |   127 |   208 ||   440

Table legend:
 A = Spawn XP
 B = Non-spawn XP
 C = Spawn XP percentage of total XP
 D = Spawn monster count
 E = Non-spawn monster count
 F = Spawn count percentage of total count
 G = Total turns spent on level
                    A         B        C        D         E        F      G
               +---------+---------+-------+---------+---------+-------+---------
         Total |       0 |   14784 |   0.0 |       0 |     238 |   0.0 |  8243
               +---------+---------+-------+---------+---------+-------+---------
           D:1 |       0 |      15 |   0.0 |       0 |       9 |   0.0 |   624
           D:2 |       0 |      24 |   0.0 |       0 |      12 |   0.0 |   473
           D:3 |       0 |     293 |   0.0 |       0 |      29 |   0.0 |   676
           D:4 |       0 |     354 |   0.0 |       0 |      32 |   0.0 |   914
           D:5 |       0 |     844 |   0.0 |       0 |      16 |   0.0 |   864
           D:6 |       0 |     884 |   0.0 |       0 |      18 |   0.0 |   735
           D:7 |       0 |     908 |   0.0 |       0 |      13 |   0.0 |   690
           D:8 |       0 |    2069 |   0.0 |       0 |      19 |   0.0 |   640
           D:9 |       0 |    1839 |   0.0 |       0 |      12 |   0.0 |   609
          D:10 |       0 |    3114 |   0.0 |       0 |      38 |   0.0 |  1067
          D:11 |       0 |    4440 |   0.0 |       0 |      40 |   0.0 |   788
               +---------+---------+-------+---------+---------+-------+---------
